 Dungeon Crawl Stone Soup version 0.24.1-8-ga250c9d538 (webtiles) character file.

Game seed: 6165282040973907180, levelgen mode: deterministic

32490 Lemonice the Arsonist (level 13, -2/111 HPs)
             Began as a Red Draconian Fire Elementalist on Apr 30, 2020.
             Was a High Priest of Vehumet.
             Slain by a porcupine (8 damage)
             ... on level 5 of the Lair of Beasts.
             The game lasted 01:22:18 (19352 turns).

Lemonice the Arsonist (DrFE)                       Turns: 19352, Time: 01:22:18

Health: -2/111     AC: 13    Str: 18    XL:     13   Next: 31%
Magic:  21/25      EV: 15    Int: 17    God:    Vehumet [*****.]
Gold:   1041       SH:  0    Dex:  9    Spells: 10/28 levels left

rFire    + + .     SeeInvis .   J - +5 quarterstaff (protect)
rCold    . . .     Gourm    .   (shield currently unavailable)
rNeg     . . .     Faith    .   (armour unavailable)
rPois    +         Spirit   .   f - +2 hat {MR+}
rElec    .         Reflect  .   z - +0 cloak
rCorr    .         Harm     .   (no gloves)
MR       +....                  P - +1 pair of boots
Stlth    ++........             C - amulet of magic regeneration
HPRegen  0.28/turn              N - ring "Peasapp" {rPois rF+ Str+3 Dex-2}
MPRegen  0.44/turn              R - ring of poison resistance

@: short of breath, very slightly contaminated, invisible
A: breathe fire, unfitting armour, fire resistance 1, cold-blooded, AC +8
a: Breathe Fire, Renounce Religion


You were on level 5 of the Lair of Beasts.
You worshipped Vehumet.
Vehumet was extremely pleased with you.
You were not hungry.

You visited 4 branches of the dungeon, and saw 19 of its levels.

You collected 1111 gold pieces.
You spent 70 gold pieces at shops.

Inventory:

Hand Weapons
 J - a +5 quarterstaff of protection (weapon)
 Z - the +9 whip of the Head {pain, +Blink rF- rC++ Str+2}
   (You found it on level 1 of the Lair of Beasts)

   In the hands of one skilled in necromantic magic, it inflicts extra damage on
   living creatures.
   It affects your strength (+2).
   It makes you vulnerable to fire.
   It greatly protects you from cold.
   It lets you blink.
Missiles
 d - 13 boomerangs (quivered)
 X - 8 atropa-tipped darts
Armour
 f - a +2 hat of magic resistance (worn)
 w - a +0 cloak
 x - a +0 shield
 z - a +0 cloak (worn)
 P - a +1 pair of boots (worn)
Magical Staves
 G - an uncursed staff of energy
 M - an uncursed staff of conjuration
Jewellery
 C - an amulet of magic regeneration (around neck)
 N - the ring "Peasapp" (left hand) {rPois rF+ Str+3 Dex-2}
   (You found it on level 9 of the Dungeon)

   [ring of protection from fire]

   It affects your strength (+3).
   It affects your dexterity (-2).
   It protects you from fire.
   It protects you from poison.
 O - an uncursed ring of positive energy
 R - a ring of poison resistance (right hand)
Wands
 m - a wand of random effects (21)
 s - a wand of paralysis (17)
 B - a wand of polymorph (9)
 H - a wand of acid (16)
 I - a wand of disintegration (20)
 S - a wand of enslavement (12)
 U - a wand of digging (3)
Scrolls
 b - 2 scrolls of fog
 g - 12 scrolls of teleportation
 h - a scroll of identify
 l - 5 scrolls of remove curse
 p - 3 scrolls of fear
 r - a scroll of enchant armour {unknown}
 t - 3 scrolls of magic mapping
 u - a scroll of summoning {unknown}
 y - a scroll of vulnerability {unknown}
 A - a scroll of torment {unknown}
 D - a scroll of amnesia {unknown}
 E - 2 scrolls of enchant weapon {unknown}
 F - a scroll of silence {unknown}
 K - a scroll of random uselessness {unknown}
 L - a scroll of noise {unknown}
 V - a scroll of blinking {unknown}
Potions
 a - 2 potions of cancellation
 c - a potion of curing
 e - 2 potions of brilliance
 i - 4 potions of flight
 j - a potion of invisibility
 k - 2 potions of haste
 n - 2 potions of degeneration
 q - 5 potions of ambrosia
 v - a potion of magic
 Q - a potion of resistance
 Y - 3 potions of might
Comestibles
 o - 17 rations
 T - a chunk of flesh


   Skills:
 + Level 9.3 Fighting
 * Level 5.8 Staves
 + Level 8.1 Dodging
 - Level 2.0 Stealth
 - Level 0.3 Unarmed Combat
 - Level 8.0 Spellcasting
 * Level 11.8 Conjurations
 * Level 14.1 Fire Magic


You had 10 spell levels left.
You knew the following spells:

 Your Spells              Type           Power        Failure   Level  Hunger
a - Flame Tongue          Conj/Fire      #####        1%          1    None
b - Sticky Flame          Conj/Fire      ######..     1%          4    ###....
c - Fireball              Conj/Fire      ######....   1%          5    #####..
d - Stone Arrow           Conj/Erth      ####..       1%          3    #......
e - Irradiate             Conj/Tmut      ####......   7%          5    #####..

Your spell library contained the following spells:

 Spells                   Type           Power        Failure   Level  Hunger
 Airstrike                Air            #.........   26%         4    ###....
 Throw Flame              Conj/Fire      ######       1%          2    None
 Conjure Flame            Conj/Fire      ######..     1%          3    #......
 Inner Flame              Hex/Fire       ####....     1%          3    #......


Dungeon Overview and Level Annotations

Branches:
Dungeon (11/15)            Temple (1/1) D:7            Lair (4/6) D:8
  Snake (0/4) Lair:2          Orc (2/2) D:10
  Swamp: Lair:2-4    Shoals: Lair:2-4       Elf: Orc:2

Altars:
Ashenzari
Cheibriados
Dithmenos
Elyvilon
Fedhas
Gozag
Hepliaklqana
Kikubaaqudgha
Makhleb
Nemelex Xobeh
Okawaru
Qazlal
Ru
Sif Muna
Trog
Uskayaw
Vehumet
Wu Jian
Yredelemnul
Zin
The Shining One

Shops:
D:9 *   Orc:1 *   Orc:2 *=

Portals:
Trove: D:10 (give 2 scrolls of acquirement)

Annotations:
D:11 3 runed translucent doors, brucemayne's ghost, novice HOMo; letownia's ghost, novice GnEE
Lair:3 2 transporters
Lair:5 Kirke
Orc:1 3 runed translucent doors, brucemayne's ghost, journeyman HOMo


Innate Abilities, Weirdness & Mutations

You can breathe blasts of fire.
Your fiery red scales are hard. (AC +8)
You cannot fit into any form of body armour.
Your flesh is heat resistant. (rF+)
You are cold-blooded and may be slowed by cold attacks.


Message History

The harpy screeches!
The hog burns!
The harpy claws you!
* * * LOW HITPOINT WARNING * * *
The harpy misses you. The harpy barely misses you. x2
You fade into invisibility!
The hog burns!
You kill the hog!
Vehumet accepts your kill.
You feel your power returning. The harpy barely misses you.
The harpy misses you. The harpy barely misses you. The harpy claws you!
* * * LOW HITPOINT WARNING * * *
Kirke gestures wildly while chanting.
Kirke flickers and vanishes!
Deactivating autopickup; reactivate with Ctrl-A.
You are very lightly contaminated with residual magic.
The harpy completely misses you. The harpy closely misses you.
The harpy claws you!
* * * LOW HITPOINT WARNING * * *
The harpy closely misses you. The porcupine bites you!
You die...

#....# ##'.###
#†...# #.†###
###.{.## #.#h.#.#
#..h...##
##.r....#
#..P@..+...
$....H#H.#...P..
.....#.P......%..
##...#.....P#...+
### ..#...##P# #
##.....# #
....... .# #.#...


You could see 2 harpies, 2 hogs and a porcupine.

Vanquished Creatures
  Gastronok (Lair:1)
  Snorg (Lair:3)
  2 hydras (Lair:3)
  3 two-headed ogres
  The ghost of nano the Fighter, a novice OpFi of Dithmenos (D:9)
  A deep troll (Orc:1)
  An orc knight (Orc:1)
  A cyclops (Orc:1)
  A manticore (D:11)
  Maurice (Orc:1)
  2 black mambas
  Joseph (D:8)
  A torpor snail (Lair:2)
  A centaur skeleton (D:10)
  A komodo dragon (Lair:1)
  A rime drake (Lair:4)
  7 spiny frogs
  A troll (Orc:1)
  A tengu conjurer (D:9)
  5 polar bears
  A hornet (D:11)
  7 hippogriffs
  A spriggan (D:9)
  45 yaks
  2 basilisks (Lair:1)
  4 hogs (Lair:5)
  A wraith (D:11)
  Grum (D:8)
  4 hungry ghosts
  4 nagas (Lair:2)
  3 wargs (D:8)
  An acid dragon (D:11)
  2 porcupines
  2 water moccasins
  3 sky beasts
  7 orc warriors
  3 black bears
  3 phantoms
  14 ogres
  14 wolves
  3 centaurs
  6 crocodiles
  A big kobold (D:10)
  8 bullfrogs
  2 scorpions
  A wyvern skeleton (D:9)
  3 killer bees (D:11)
  6 wights
  8 howler monkeys
  3 centaur zombies
  2 crimson imps
  2 hounds
  13 orc priests
  Crazy Yiuf (D:7)
  3 jellies
  17 orc wizards
  2 iguanas
  10 worker ants
  A hound skeleton (D:6)
  7 gnolls
  A howler monkey skeleton (D:6)
  4 adders
  2 shadow imps
  3 adder skeletons
  An adder zombie (D:10)
  3 worms
  3 dart slugs
  4 leopard geckos
  46 orcs
  2 giant cockroaches
  8 goblins
  6 hobgoblins
  8 jackals
  4 quokkas
  A ball python (D:2)
  5 bats
  6 frilled lizards
  A jackal skeleton (D:7)
  11 kobolds
  A leopard gecko skeleton (D:4)
  3 quokka skeletons
  A quokka zombie (D:7)
  8 rats
387 creatures vanquished.

Vanquished Creatures (others)
  4 fungi
  2 plants (Lair:1)
  3 withered plants (D:11)
9 creatures vanquished.

Grand Total: 396 creatures vanquished

Notes
Turn   | Place    | Note
-------+----------+-------------------------------------------
     0 | D:1      | Lemonice the Draconian Fire Elementalist began the quest
                  | for the Orb.
     0 | D:1      | Reached XP level 1. HP: 14/14 MP: 3/3
    71 | D:1      | Reached XP level 2. HP: 2/20 MP: 0/5
   707 | D:1      | Reached XP level 3. HP: 27/27 MP: 3/6
  1638 | D:2      | Reached skill level 1 in Fighting
  1708 | D:2      | Reached XP level 4. HP: 35/35 MP: 3/8
  1715 | D:2      | Learned a level 4 spell: Sticky Flame
  1915 | D:2      | You fall into a shaft and drop 2 floors!
  1993 | D:4      | Found a shadowy altar of Dithmenos.
  2073 | D:4      | Reached XP level 5. HP: 25/41 MP: 0/9
  2105 | D:4      | Reached skill level 4 in Fire Magic
  2708 | D:2      | Found a sacrificial altar of Ru.
  2713 | D:2      | Found a snail-covered altar of Cheibriados.
  2994 | D:2      | Reached XP level 6. HP: 48/48 MP: 10/10
  3091 | D:3      | Found a sparkling altar of Nemelex Xobeh.
  3162 | D:3      | Found an ancient bone altar of Kikubaaqudgha.
  3267 | D:3      | You fall into a shaft and drop 3 floors!
  3494 | D:5      | Entered Level 5 of the Dungeon
  4959 | D:5      | Your scales start taking on a fiery red colour.
  4959 | D:5      | Reached skill level 5 in Fire Magic
  4959 | D:5      | Reached XP level 7. HP: 30/56 MP: 4/12
  4959 | D:5      | Gained mutation: Your flesh is heat resistant. (rF+) [Red
                  | Draconian growth]
  5028 | D:5      | Reached skill level 6 in Fire Magic
  5557 | D:5      | You fall into a shaft and drop 2 floors!
  5890 | D:6      | Reached XP level 8. HP: 57/63 MP: 0/13
  6029 | D:6      | Reached skill level 7 in Fire Magic
  6050 | D:6      | Reached skill level 5 in Conjurations
  6387 | D:6      | Found a bloodstained altar of Trog.
  7113 | D:7      | Noticed a hippogriff
  7307 | D:7      | Reached skill level 8 in Fire Magic
  7521 | D:7      | Noticed a hippogriff
  7541 | D:7      | Killed a hippogriff
  7541 | D:7      | Reached XP level 9. HP: 70/72 MP: 11/16
  7753 | D:7      | Found a runed translucent door.
  7754 | D:7      | Noticed Crazy Yiuf
  7758 | D:7      | Killed Crazy Yiuf
  7823 | D:7      | Found a staircase to the Ecumenical Temple.
  7840 | Temple   | Entered the Ecumenical Temple
  7855 | Temple   | Became a worshipper of Vehumet
  8100 | D:7      | Reached skill level 5 in Fighting
  8100 | D:7      | Reached skill level 5 in Spellcasting
  8109 | D:7      | Found a white marble altar of Elyvilon.
  8257 | D:7      | Reached skill level 9 in Fire Magic
  8462 | D:8      | Reached skill level 5 in Dodging
  8601 | D:8      | Noticed Joseph
  8609 | D:8      | Killed Joseph
  8976 | D:8      | Learned a level 5 spell: Fireball
  9040 | D:8      | Noticed Grum
  9044 | D:8      | Killed Grum
  9048 | D:8      | Reached XP level 10. HP: 83/83 MP: 13/18
  9119 | D:8      | Found a staircase to the Lair.
  9123 | D:8      | Reached skill level 10 in Fire Magic
  9609 | D:9      | Reached * piety under Vehumet
  9609 | D:9      | Offered knowledge of Sandblast by Vehumet.
  9704 | D:9      | Got a coiled copper ring
  9710 | D:9      | Identified the ring "Peasapp" {rPois rF+ Str+3 Dex-2} (You
                  | found it on level 9 of the Dungeon)
  9828 | D:9      | Found a runed translucent door.
  9828 | D:9      | Noticed nano's ghost (novice OpFi)
  9879 | D:9      | Killed nano's ghost
 10129 | D:9      | Found Diniec's Assorted Antiques.
 10142 | D:9      | Bought a scroll of identify for 70 gold pieces
 10385 | D:9      | Reached skill level 11 in Fire Magic
 10507 | D:10     | Entered Level 10 of the Dungeon
 10703 | D:10     | Found a staircase to the Orcish Mines.
 10710 | D:10     | Offered knowledge of Freeze by Vehumet.
 10749 | D:10     | Reached ** piety under Vehumet
 10749 | D:10     | Reached XP level 11. HP: 88/91 MP: 18/20
 10906 | D:10     | Found a portal to a secret trove of treasure.
 11874 | D:11     | Noticed a two-headed ogre
 11886 | D:11     | Killed a two-headed ogre
 11952 | D:11     | Offered knowledge of Stone Arrow by Vehumet.
 11957 | D:11     | Learned a level 3 spell: Stone Arrow
 12338 | D:11     | Noticed a two-headed ogre
 12354 | D:11     | Killed a two-headed ogre
 12354 | D:11     | Reached skill level 12 in Fire Magic
 12744 | D:11     | Found a runed translucent gate.
 12744 | D:11     | Found a runed translucent gate.
 12744 | D:11     | Found a runed translucent gate.
 12750 | D:11     | Noticed brucemayne's ghost (novice HOMo)
 12752 | D:11     | Noticed letownia's ghost (novice GnEE)
 12910 | Orc:1    | Entered Level 1 of the Orcish Mines
 13090 | Orc:2    | Entered Level 2 of the Orcish Mines
 13090 | Orc:2    | Found Xeutoim's Jewellery Emporium.
 13090 | Orc:2    | Found Hastryov's Assorted Antiques.
 13090 | Orc:2    | Noticed a two-headed ogre
 13090 | Orc:2    | Noticed a two-headed ogre
 13091 | Orc:2    | Noticed a two-headed ogre
 13091 | Orc:2    | Noticed a two-headed ogre
 13091 | Orc:2    | Noticed a two-headed ogre
 13092 | Orc:2    | Noticed an ogre mage
 13241 | Orc:1    | Found a runed translucent gate.
 13241 | Orc:1    | Found a runed translucent gate.
 13241 | Orc:1    | Found a runed translucent gate.
 13242 | Orc:1    | Found an opulent altar of Gozag.
 13243 | Orc:1    | Noticed brucemayne's ghost (journeyman HOMo)
 13244 | Orc:1    | Found Elyjutye's Assorted Antiques.
 13251 | Orc:2    | Noticed a deep troll
 13251 | Orc:2    | Noticed a two-headed ogre
 13251 | Orc:2    | Noticed Maurice
 13251 | Orc:2    | Noticed a two-headed ogre
 13251 | Orc:2    | Noticed a two-headed ogre
 13253 | Orc:2    | Noticed a two-headed ogre
 13263 | Orc:1    | Killed Maurice
 13267 | Orc:1    | Reached skill level 10 in Conjurations
 13423 | Orc:1    | Noticed an orc knight
 13442 | Orc:1    | Killed an orc knight
 13449 | Orc:1    | Reached *** piety under Vehumet
 14031 | Orc:2    | Noticed an ogre mage
 14037 | Orc:1    | HP: 3/93 [deep troll (13)]
 14406 | Orc:1    | Killed a two-headed ogre
 14411 | Orc:1    | Killed a deep troll
 14825 | Lair:1   | Entered Level 1 of the Lair of Beasts
 14933 | Lair:1   | Reached XP level 12. HP: 89/101 MP: 15/23
 14947 | Lair:1   | Reached skill level 1 in Staves
 15106 | Lair:1   | Noticed Gastronok
 15228 | Lair:1   | Offered knowledge of Ignite Poison by Vehumet.
 15259 | Lair:1   | Killed Gastronok
 15396 | Lair:1   | Reached skill level 13 in Fire Magic
 15945 | Lair:1   | Got a brightly glowing whip
 15946 | Lair:1   | Identified the +9 whip of the Head {pain, +Blink rF- rC++
                  | Str+2} (You found it on level 1 of the Lair of Beasts)
 16877 | Lair:2   | Reached **** piety under Vehumet
 16905 | Lair:2   | Found a staircase to the Snake Pit.
 17225 | Lair:2   | Offered knowledge of Irradiate by Vehumet.
 17274 | Lair:2   | Learned a level 5 spell: Irradiate
 17646 | Lair:3   | Noticed Snorg
 17659 | Lair:3   | Killed Snorg
 17930 | Lair:3   | Reached XP level 13. HP: 69/110 MP: 7/25
 17957 | Lair:3   | Reached skill level 5 in Staves
 18328 | Lair:3   | Found a transporter.
 18431 | Lair:3   | Reached skill level 14 in Fire Magic
 18481 | Lair:3   | Reached ***** piety under Vehumet
 18756 | Lair:3   | Found a transporter.
 19321 | Lair:4   | You fall into a shaft and drop 1 floor!
 19341 | Lair:5   | Noticed Kirke
 19346 | Lair:5   | Offered knowledge of Airstrike by Vehumet.
 19352 | Lair:5   | Slain by a porcupine

Levels and vault maps discovered:
D:1:      ncdulo_smallfort, layout_basic, minmay_hexomino_c4
D:2:      layout_basic, chequers_temple_overflow_statue_of_worship,
          nrook_campfire
D:3:      minmay_recursive_quarters, layout_rooms, kiku_gazebo_garden_becter,
          lemuel_crystal_altar, serial_forest, infiniplex_forest_straight_3,
          infiniplex_forest_corner_2, infiniplex_forest_3_way,
          infiniplex_forest_lined_1, infiniplex_forest_lined_2,
          minmay_misc_feat_nine_boxes
D:4:      layout_loops_cross, overflow_temple_1_default
D:5:      layout_loops_ring, kennysheep_mini, first_ration, uniq_sigmund
D:6:      minmay_chambers_of_threes, layout_cave_pods, lemuel_crystal_altar,
          hangedman_decor_slide_cut, minmay_strange_pillars, minmay_liquid_box
D:7:      minmay_skewed_foursquare, layout_cave_pools, lemuel_crystal_altar,
          minmay_temple_entry_wispy, uniq_crazy_yiuf_cottage
D:8:      layout_basic, erik_lair_orcish_takeover, uniq_grum, uniq_joseph
D:9:      layout_basic, gammafunk_ghost_grave, serial_shops,
          nicolae_shop_temple_entry_statues_fountains, the_bakery,
          minmay_mirror_moons_of_madness
D:10:     layout_loops_ring, david_orc_2, trove_entry_hex_spiral
D:11:     layout_long_grid, gammafunk_ghost_cemetery
Temple:   eino_narrow_crystal_temple
Lair:1:   layout_regular_city, cheibrodos_lair_lostbears, uniq_gastronok
Lair:2:   layout_chaotic_city, minmay_snake_entry_guardpost_small
Lair:3:   gammafunk_cloud_chamber, layout_regular_city, st_stairs_7,
          grunt_megastairs_2, uniq_snorg
Lair:4:   layout_long_grid, elwin_shoals_entry_rooms, gammafunk_ghost_arena,
          st_stairs_6, uniq_nessos
Lair:5:   layout_roguey, basic_altar, uniq_kirke
Orc:1:    layout_diamond_mine, ebering_ghost_gozag
Orc:2:    st_orc_open, layout_caves, basic_altar, mines1_david, uniq_maurice

Skill      XL: |  1  2  3  4  5  6  7  8  9 10 11 12 13 |
---------------+----------------------------------------+-----
Dodging        | 2 3 4 5 6 7 8 |  8.1
Stealth        | 2 |  2.0
Fighting       | 1 2 3 4 5 6 8 9 |  9.3
Conjurations   | 2 3 4 6 7 9 10 11 | 11.8
Spellcasting   | 3 4 5 6 7 8 |  8.0
Fire Magic     | 4 5 6 8 9 11 12 13 14 | 14.1
Staves         | 4 5 |  5.8
Unarmed Combat | |  0.3

Action                   |  1- 3 |  4- 6 |  7- 9 | 10-12 | 13-15 || total
-------------------------+-------+-------+-------+-------+-------++-------
Melee: Unarmed           |    31 |       |       |       |       ||    31
       Tailslap          |     4 |    19 |    11 |    33 |     6 ||    73
       Spear             |     8 |   183 |   128 |       |       ||   319
       Punch             |       |     1 |       |       |       ||     1
       Quarterstaff      |       |       |     1 |   305 |    36 ||   342
Throw: Boomerang         |       |       |     5 |    13 |       ||    18
 Cast: Flame Tongue      |    43 |    50 |    37 |    97 |    11 ||   238
       Sticky Flame      |       |    15 |    50 |   121 |    18 ||   204
       Fireball          |       |       |       |    43 |    12 ||    55
 Abil: Breathe Fire      |       |       |    31 |    64 |    10 ||   105
Evoke: Wand              |       |       |       |     2 |       ||     2
  Use: Potion            |       |     2 |       |     4 |     1 ||     7
       Scroll            |       |       |     7 |    13 |       ||    20
 Stab: Sleeping          |     1 |       |       |       |       ||     1
       Distracted        |       |       |     1 |       |       ||     1
  Eat: Chunk             |     2 |    12 |    21 |    50 |     9 ||    94
       Ration            |       |     1 |     2 |     6 |     1 ||    10
Armor: Skin              |    15 |    69 |    58 |   174 |    17 ||   333
Dodge: Dodged            |    22 |   132 |   117 |   367 |    54 ||   692
